 Dungeon Crawl Stone Soup version 0.22-a0-377-g846bec1 (webtiles) character file.

22860 iamserjio the Destroyer (level 12, -6/86 HPs)
             Began as a Demonspawn Fire Elementalist on Apr 27, 2018.
             Was an Elder of Vehumet.
             Mangled by Rupert
             ... wielding a +3 executioner's axe of electrocution
              (19 damage)
             ... on level 4 of the Lair of Beasts.
             The game lasted 01:12:43 (19168 turns).

iamserjio the Destroyer (DsFE)                     Turns: 19168, Time: 01:12:44

Health: -6/86      AC: 13    Str:  8    XL:     12   Next: 66%
Magic:  22/34      EV: 12    Int: 25    God:    Vehumet [****..]
Gold:   648        SH:  5    Dex: 14    Spells: 8/29 levels left

rFire    + . .     SeeInvis .   d - staff of fire
rCold    . . .     Gourm    .   E - +0 buckler
rNeg     . . .     Faith    .   a - +0 robe
rPois    .         Spirit   .   q - +2 helmet
rElec    .         Reflect  .   (no cloak)
rCorr    +         Harm     .   F - +1 pair of gloves
MR       .....                  b - +1 pair of boots
Stlth    +++.......             (no amulet)
HPRegen  0.24/turn              i - +3 ring of intelligence
MPRegen  0.24/turn              l - ring of magical power

@: about to teleport
A: hooves 2, yellow scales 3, nightstalker 1, powered by pain 1
a: Renounce Religion


You were on level 4 of the Lair of Beasts.
You worshipped Vehumet.
Vehumet was greatly pleased with you.
You were near starving.

You visited 3 branches of the dungeon, and saw 17 of its levels.

You collected 648 gold pieces.

Inventory:

Hand Weapons
 w - a +2 dagger of venom
Armour
 a - a +0 robe (worn)
 b - a +1 pair of boots (worn)
 q - a +2 helmet (worn)
 E - a +0 buckler (worn)
 F - a +1 pair of gloves (worn)
Magical Staves
 d - an uncursed staff of fire (weapon)
Jewellery
 f - an uncursed ring of flight
 i - a +3 ring of intelligence (left hand)
 l - a ring of magical power (right hand)
 o - an uncursed ring of protection from cold
 r - an uncursed ring of poison resistance
 M - an uncursed ring of stealth
Wands
 y - a wand of paralysis (30)
 B - a wand of acid (6)
 K - a wand of scattershot (5)
Scrolls
 e - 4 scrolls of remove curse
 h - a scroll of silence {unknown}
 n - 4 scrolls of enchant weapon
 s - 3 scrolls of teleportation
 t - 5 scrolls of amnesia
 x - 2 scrolls of fog
 C - 3 scrolls of magic mapping
 G - a scroll of brand weapon
 J - a scroll of noise {unknown}
Potions
 g - 3 potions of lignification {unknown}
 j - 4 potions of heal wounds
 k - 4 potions of curing
 m - 2 potions of flight {unknown}
 p - 2 potions of mutation
 v - a potion of brilliance {unknown}
 A - a potion of might {unknown}
 H - 2 potions of agility {unknown}
 L - 2 potions of haste {unknown}
 O - a potion of magic {unknown}
Miscellaneous
 u - a phantom mirror
Comestibles
 c - 18 rations


   Skills:
 + Level 5.2 Fighting
 - Level 1.7 Dodging
 - Level 1.7 Stealth
 - Level 4.0 Shields
 + Level 9.3 Spellcasting
 * Level 12.4 Conjurations
 * Level 11.7 Fire Magic


You had 8 spell levels left.
You knew the following spells:

 Your Spells              Type           Power        Failure   Level  Hunger
a - Flame Tongue          Conj/Fire      #####        1%          1    None
b - Conjure Flame         Conj/Fire      #######.     1%          3    None
c - Sticky Flame          Conj/Fire      #######.     1%          4    #......
d - Fireball              Conj/Fire      #######...   1%          5    ####...
e - Call Imp              Summ           ##......     8%          2    None
f - Ignite Poison         Fire/Tmut/Pois #####...     1%          3    None
g - Mephitic Cloud        Conj/Pois/Air  ####....     1%          3    None


Dungeon Overview and Level Annotations

Branches:
Dungeon (11/15)            Temple (1/1) D:5            Lair (5/6) D:8
  Swamp (0/4) Lair:2       Spider (0/4) Lair:2          Orc (0/2) D:10
  Slime: Lair:5-6

Altars:
Dithmenos
Makhleb
Okawaru
Qazlal
Ru
Uskayaw
Vehumet
Xom
Zin
The Shining One

Shops:
D:4 (

Annotations:
Lair:4 Rupert


Innate Abilities, Weirdness & Mutations

You have hoof-like feet.
You are completely covered in yellow scales. (AC +4, rCorr)
You are slightly more attuned to the shadows.
You sometimes gain a little power by taking damage.


Message History

Unknown command.
Rupert rages.
The blink frog blinks!
Unknown command.
Unknown command.
You feel much better. Rupert closely misses you.
Unknown command.
Press: ? - help, v - describe, . - travel
Here: Rupert, wielding an executioner's axe of electrocution and wearing a ring mail (berserk, fast, unusually strong)
The floor.
Unknown command.
Unknown command.
Okay, then.
As you read the scroll of teleportation, it crumbles to dust.
You feel strangely unstable.
The blink frog blinks!
The blink frog hits something but does no damage.
Rupert hits you with an executioner's axe of electrocution!!
* * * LOW HITPOINT WARNING * * *
You are electrocuted!
You die...

.......# .......###
.........#
.........###
...........#
.........#.##
............#
............######
.............#P#@#
............§.F@##
..............Y§.###
...............D##.#
.....#P............#
...###....F.......#
....# #.#..........#
.... ###.#...$....##
...# ###....§...F###


You could see Rupert (berserk), a four-headed hydra, a yak and 2 blink frogs.

Vanquished Creatures
  A hydra (Lair:5)
  3 two-headed ogres
  A death yak (Lair:4)
  Urug (D:10)
  The ghost of iamserjio the Cudgeler, a novice DsSk (D:5)
  A cyclops (D:11)
  A black mamba (Lair:4)
  4 spiny frogs
  2 komodo dragons
  A rime drake (Lair:2)
  Prince Ribbit (D:7)
  A troll (D:10)
  Grinder (D:4)
  4 dream sheep (Lair:5)
  8 blink frogs
  3 hippogriffs
  A redback (Lair:2)
  A wraith (D:10)
  3 basilisks
  A vampire (D:10)
  36 yaks
  Grum (D:9)
  Menkaure (D:4)
  11 water moccasins
  An orc warrior (D:10)
  3 porcupines
  3 ice beasts
  A sky beast (D:9)
  A black bear (D:6)
  13 wolves
  3 ogres
  2 crocodiles
  5 centaurs
  A big kobold (D:10)
  16 bullfrogs
  3 killer bees (D:7)
  2 jellies
  A howler monkey (D:5)
  2 bullfrog zombies
  3 crimson imps
  2 quasits
  5 hounds
  2 centaur skeletons
  4 orc priests
  10 orc wizards
  Terence (D:2)
  An iguana (D:6)
  2 killer bee zombies
  7 worker ants
  A hound zombie (D:6)
  A hound skeleton (D:8)
  3 worker ant zombies
  6 adders
  8 gnolls
  An ooze (D:1)
  2 adder skeletons
  2 dart slugs
  2 worms
  A leopard gecko (D:3)
  38 orcs
  5 giant cockroaches
  5 goblins
  7 hobgoblins
  11 jackals
  14 kobolds
  3 quokkas
  A ball python (D:2)
  10 bats
  9 frilled lizards
  A quokka skeleton (D:4)
  4 rats
  A butterfly (D:5)
  A fungus (Lair:3)
320 creatures vanquished.

Vanquished Creatures (others)
  A bush (Lair:5)
  3 plants
4 creatures vanquished.

Grand Total: 324 creatures vanquished

Notes
Turn   | Place    | Note
-------+----------+-------------------------------------------
     0 | D:1      | iamserjio the Demonspawn Fire Elementalist began the quest for the Orb.
     0 | D:1      | Reached XP level 1. HP: 13/13 MP: 3/3
   111 | D:2      | Gained mutation: You are slightly more attuned to the shadows. [demonic ancestry]
   111 | D:2      | Reached XP level 2. HP: 6/19 MP: 0/5
   116 | D:2      | Noticed Terence
   802 | D:1      | Reached XP level 3. HP: 21/24 MP: 3/6
   835 | D:1      | Learned a level 3 spell: Conjure Flame
   877 | D:1      | Reached skill level 2 in Conjurations
  2303 | D:2      | Reached XP level 4. HP: 30/30 MP: 0/8
  2391 | D:2      | Killed Terence
  2970 | D:2      | Learned a level 4 spell: Sticky Flame
  3011 | D:2      | Reached XP level 5. HP: 15/35 MP: 1/9
  3223 | D:3      | Reached skill level 3 in Conjurations
  3742 | D:3      | Found a sacrificial altar of Ru.
  4112 | D:4      | Found Befem's Weapon Shoppe.
  4502 | D:4      | Noticed Menkaure
  4510 | D:4      | Killed Menkaure
  4510 | D:4      | Gained mutation: You are partially covered in yellow scales. (AC +2) [demonic ancestry]
  4510 | D:4      | Reached XP level 6. HP: 41/41 MP: 2/11
  4790 | D:4      | Noticed Grinder
  4969 | D:4      | Killed Grinder
  4969 | D:4      | Reached skill level 4 in Conjurations
  4969 | D:4      | Gained mutation: You are mostly covered in yellow scales. (AC +3) [demonic ancestry]
  4969 | D:4      | Reached XP level 7. HP: 36/46 MP: 9/13
  5221 | D:5      | Entered Level 5 of the Dungeon
  5231 | D:5      | Learned a level 5 spell: Fireball
  5279 | D:5      | Reached skill level 5 in Fire Magic
  5472 | D:5      | Noticed iamserjio's ghost (novice DsSk)
  5872 | D:5      | Found a stormy altar of Qazlal.
  6158 | D:5      | Killed iamserjio's ghost
  6158 | D:5      | Reached skill level 5 in Spellcasting
  6158 | D:5      | Reached skill level 5 in Conjurations
  6158 | D:5      | Gained mutation: You are completely covered in yellow scales. (AC +4, rCorr) [demonic ancestry]
  6158 | D:5      | Reached XP level 8. HP: 47/52 MP: 14/16
  6252 | D:5      | Found a staircase to the Ecumenical Temple.
  6284 | Temple   | Entered the Ecumenical Temple
  6300 | Temple   | Became a worshipper of Vehumet
  6624 | D:6      | Found a shadowy altar of Dithmenos.
  6749 | D:6      | Reached skill level 6 in Conjurations
  6886 | D:6      | Found an iron altar of Okawaru.
  6889 | D:6      | Found a hide-covered altar of Uskayaw.
  6892 | D:6      | Found a glowing golden altar of the Shining One.
  7632 | D:7      | Learned a level 2 spell: Call Imp
  7714 | D:7      | Noticed Prince Ribbit
  7720 | D:7      | Killed Prince Ribbit
  7867 | D:7      | Reached * piety under Vehumet
  7867 | D:7      | Offered knowledge of Sting by Vehumet.
  7867 | D:7      | Gained mutation: You sometimes gain a little power by taking damage. [demonic ancestry]
  7867 | D:7      | Reached XP level 9. HP: 48/57 MP: 3/18
  7933 | D:7      | Reached skill level 7 in Conjurations
  9211 | D:8      | Found a staircase to the Lair.
  9390 | D:8      | Noticed a two-headed ogre
  9398 | D:8      | Reached ** piety under Vehumet
  9398 | D:8      | Offered knowledge of Magic Dart by Vehumet.
  9427 | D:8      | Killed a two-headed ogre
  9427 | D:8      | Reached skill level 8 in Conjurations
 10185 | D:8      | Noticed a two-headed ogre
 10211 | D:8      | Killed a two-headed ogre
 10211 | D:8      | Reached skill level 9 in Conjurations
 10211 | D:8      | Gained mutation: You have large cloven feet. [demonic ancestry]
 10211 | D:8      | Reached XP level 10. HP: 63/63 MP: 15/20
 11570 | D:9      | Noticed Grum
 11575 | D:9      | Reached skill level 1 in Shields
 11820 | D:9      | Killed Grum
 11978 | D:9      | Noticed a two-headed ogre
 12006 | D:9      | Killed a two-headed ogre
 12006 | D:9      | Reached skill level 10 in Conjurations
 12404 | D:10     | Entered Level 10 of the Dungeon
 12413 | D:10     | Offered knowledge of Static Discharge by Vehumet.
 12698 | D:10     | Gained mutation: You have hoof-like feet. [demonic ancestry]
 12698 | D:10     | Reached XP level 11. HP: 61/69 MP: 8/22
 12881 | D:10     | Reached skill level 1 in Fighting
 13087 | D:10     | Reached *** piety under Vehumet
 13217 | D:10     | Found a staircase to the Orcish Mines.
 13306 | D:10     | Offered knowledge of Ignite Poison by Vehumet.
 13311 | D:10     | Noticed Urug
 13311 | D:10     | Learned a level 3 spell: Ignite Poison
 13443 | D:10     | Learned a level 3 spell: Mephitic Cloud
 13520 | D:10     | Reached skill level 10 in Fire Magic
 13710 | D:10     | Killed Urug
 14274 | Lair:1   | Entered Level 1 of the Lair of Beasts
 14393 | Lair:1   | Got a smoking battleaxe
 14843 | Lair:1   | Reached skill level 11 in Conjurations
 14844 | Lair:1   | Reached **** piety under Vehumet
 15309 | Lair:2   | Offered knowledge of Dazzling Spray by Vehumet.
 15791 | Lair:2   | Found a staircase to the Swamp.
 15866 | Lair:2   | Found a hole to the Spider Nest.
 16664 | Lair:4   | Noticed Rupert
 16664 | Lair:4   | Reached XP level 12. HP: 83/83 MP: 24/24
 18292 | Lair:4   | Noticed a catoblepas
 18446 | Lair:5   | Noticed a five-headed hydra
 18446 | Lair:5   | Reached skill level 12 in Conjurations
 18471 | Lair:5   | Killed a five-headed hydra
 18684 | Lair:5   | Identified the +5 battleaxe "Earthworm" {drain, rC+} (You found it on level 1 of the Lair of Beasts)
 18769 | Lair:5   | Noticed a death yak
 18770 | Lair:5   | Noticed a death yak
 18780 | Lair:5   | Noticed a death yak
 18780 | Lair:5   | Noticed a death yak
 18780 | Lair:5   | Noticed a death yak
 18781 | Lair:5   | Noticed a death yak
 19151 | Lair:4   | Reached skill level 5 in Fighting
 19152 | Lair:4   | Killed a death yak
 19154 | Lair:4   | Noticed a four-headed hydra
 19157 | Lair:4   | Paralysed by Rupert for 4 turns
 19168 | Lair:4   | Mangled by Rupert

Vault maps used:
D:1:      eino_arrival_tree_alley
D:2:      serial_glass, glass_columns_a, glass_columns_a, glass_columns_c,
          glass_columns_c, glass_columns_a, glass_columns_c, glass_columns_a,
          glass_columns_a, glass_columns_a, glass_columns_c, glass_columns_c,
          glass_columns_b, glass_columns_a, glass_columns_b,
          minmay_strange_pillars, due_unseen_surprise, feat_on_display,
          uniq_terence
D:3:      marbit_many_paths, minmay_quantized
D:4:      nicolae_ossuary_entry_monument, serial_shops, shop, first_ration,
          minmay_cut_off, uniq_menkaure, uniq_grinder
D:5:      nicolae_overflow_crystal_walls, minmay_temple_entry_butterflies
D:6:      nicolae_dithmenos_the_darkroom, grunt_temple_overflow_diamond
D:7:      uniq_prince_ribbit1
D:8:      lair_entry_dummy
D:9:      uniq_grum
D:10:     hiddenorc1_lemuel, uniq_urug
Temple:   nicolae_temple_elliptical
Lair:1:   grunt_megastairs_2, lemuel_fruit_fields
Lair:2:   swamp_mist, spider_nest_entry_webs, grunt_megastairs_3,
          lemuel_fruit_fields, serial_bayou_shore_b
Lair:4:   basic_altar, beast_lair_carwin_10, uniq_rupert
Lair:5:   slime_dummy

Skill      XL: |  1  2  3  4  5  6  7  8  9 10 11 12 |
---------------+-------------------------------------+-----
Fire Magic     | 3 4 5 6 8 9 10 11 | 11.7
Conjurations   | 2 3 4 5 6 9 10 11 12 | 12.4
Spellcasting   | 3 4 5 6 7 8 9 |  9.3
Shields        | 3 4 |  4.0
Fighting       | 3 5 |  5.2
Dodging        | |  1.7
Stealth        | |  1.7

Action                   |  1- 3 |  4- 6 |  7- 9 | 10-12 || total
-------------------------+-------+-------+-------+-------++-------
Melee: Club              |    20 |       |       |       ||    20
       Spear             |    23 |    37 |   134 |       ||   194
       Dagger            |       |       |    28 |   107 ||   135
 Cast: Flame Tongue      |    58 |    99 |   169 |   101 ||   427
       Conjure Flame     |     3 |     4 |    15 |    10 ||    32
       Sticky Flame      |       |     1 |    28 |    74 ||   103
       Fireball          |       |       |       |   107 ||   107
       Call Imp          |       |       |       |     1 ||     1
Evoke: Wand              |       |       |       |     2 ||     2
  Use: Potion            |     2 |       |       |     5 ||     7
       Scroll            |       |     7 |     5 |    15 ||    27
 Stab: Sleeping          |     3 |     2 |     1 |       ||     6
  Eat: Chunk             |     5 |     8 |    13 |    32 ||    58
       Ration            |       |       |     2 |     6 ||     8
Armor: Robe              |    18 |    13 |    88 |    75 ||   194
Dodge: Dodged            |    40 |    30 |   119 |    92 ||   281
Block: Buckler           |       |       |       |    40 ||    40

Table legend:
 A = Spawn XP
 B = Non-spawn XP
 C = Spawn XP percentage of total XP
 D = Spawn monster count
 E = Non-spawn monster count
 F = Spawn count percentage of total count
 G = Total turns spent on level
                    A         B        C        D         E        F      G
               +---------+---------+-------+---------+---------+-------+---------
         Total |       0 |   32658 |   0.0 |       0 |     318 |   0.0 | 19168
               +---------+---------+-------+---------+---------+-------+---------
           D:1 |       0 |      41 |   0.0 |       0 |      20 |   0.0 |  1362
           D:2 |       0 |     149 |   0.0 |       0 |      26 |   0.0 |  1838
           D:3 |       0 |     108 |   0.0 |       0 |      30 |   0.0 |   919
           D:4 |       0 |     534 |   0.0 |       0 |       9 |   0.0 |  1393
           D:5 |       0 |     956 |   0.0 |       0 |      10 |   0.0 |   997
           D:6 |       0 |     480 |   0.0 |       0 |      15 |   0.0 |   957
           D:7 |       0 |    1205 |   0.0 |       0 |      23 |   0.0 |  1639
           D:8 |       0 |    2909 |   0.0 |       0 |      25 |   0.0 |  2457
           D:9 |       0 |    3863 |   0.0 |       0 |      26 |   0.0 |  1114
          D:10 |       0 |    4743 |   0.0 |       0 |      54 |   0.0 |  1446
          D:11 |       0 |     726 |   0.0 |       0 |       3 |   0.0 |   122
        Lair:1 |       0 |    2917 |   0.0 |       0 |      16 |   0.0 |  1017
        Lair:2 |       0 |    3072 |   0.0 |       0 |      15 |   0.0 |  1365
        Lair:3 |       0 |    2885 |   0.0 |       0 |      15 |   0.0 |  1448
        Lair:4 |       0 |    3457 |   0.0 |       0 |      14 |   0.0 |   138
        Lair:5 |       0 |    4613 |   0.0 |       0 |      17 |   0.0 |   926
               +---------+---------+-------+---------+---------+-------+---------
